Map: Zen LE

Players

Freak - Winner!

  • Race: Protoss Protoss
  • Spawn Location: 7:00

Pit

  • Race: Zerg Zerg
  • Spawn Location: 1:00

VOD

Have the link to the VOD?

Description

Time

  • Played on: Dec. 6, 2019, 12:43 p.m.
  • Length: 9:01
Show
View Real Time Build Order
Export as new Build Order

Freak Protoss - Winner!

Build Orders:  

Get SALT Encoding   

  12  0:01  Probe  
  13  0:13  Probe  
  14  0:21  Pylon  
  14  0:25  Probe  
  15  0:39  Probe (Chrono Boost)  
  16  0:49  Gateway, Probe (Chrono Boost)  
  17  0:52  Assimilator  
  17  0:54  Probe (Chrono Boost)  
  18  1:05  Probe  
  19  1:17  Probe  
  20  1:30  Probe  
  21  1:36  Zealot (Chrono Boost)  
  21  1:37  Cybernetics Core  
  23  1:48  Nexus  
  23  1:52  Pylon  
  23  2:02  Pylon  
  23  2:10  Probe  
  23  2:14  Adept (Chrono Boost)  
  24  2:22  Probe  
  27  2:34  Probe  
  27  2:35  Assimilator  
  28  2:38  Robotics Facility  
  28  2:43  Warp Gate  
  28  2:44  Adept  
  28  2:46  Probe  
  32  3:01  Probe (Chrono Boost)  
  32  3:03  Probe (Chrono Boost)  
  33  3:14  Probe (Chrono Boost)  
  33  3:23  Probe (Chrono Boost)  
  33  3:25  Immortal  
  39  3:29  Probe (Chrono Boost)  
  39  3:33  Probe (Chrono Boost)  
  38  3:37  Probe (Chrono Boost)  
  38  3:38  Probe (Chrono Boost)  
  40  3:43  Sentry  
  40  3:47  Probe  
  43  3:50  Probe  
  43  3:51  Gateway  
  43  3:53  Gateway  
  44  4:00  Probe  
  45  4:03  Immortal (Chrono Boost), Assimilator  
  45  4:04  Assimilator  
  49  4:16  Gateway  
  49  4:17  Probe  
  49  4:20  Pylon, Probe  
  52  4:32  Probe (Chrono Boost)  
  52  4:33  Probe (Chrono Boost)  
  52  4:35  Pylon  
  53  4:43  Probe (Chrono Boost)  
  53  4:45  Probe (Chrono Boost)  
  55  4:47  Sentry x2  
  55  4:48  Warp Prism  
  55  4:50  Probe  
  62  4:57  Sentry  
  62  4:59  Probe  
  65  5:08  Gateway  
  65  5:11  Gateway  
  65  5:12  Sentry x2  
  69  5:16  Pylon  
  69  5:23  Pylon  
  69  5:26  Gateway  
  69  5:29  Gateway  
  69  5:41  Sentry x4  
  71  6:04  Adept  
  71  6:05  Adept x4  
  71  6:10  Warp Prism  
  63  6:26  Nexus  
  61  6:37  Stalker x4  
  61  6:38  Stalker x4  
  77  6:44  Probe (Chrono Boost)  
  77  6:45  Probe (Chrono Boost)  
  79  6:53  Robotics Facility  
  79  6:59  Gateway  
  79  7:01  Gateway  
  79  7:10  Sentry x3  
  79  7:12  Probe  
  86  7:19  Pylon  
  86  7:34  Pylon  
  86  7:37  Immortal (Chrono Boost), Pylon, Probe x2  
  92  7:39  Adept x2  
  92  7:40  Adept x2  
  100  7:49  Probe  
  101  8:01  Immortal (Chrono Boost)  
  105  8:08  Forge  
  105  8:09  Forge  
  105  8:13  Immortal (Chrono Boost)  
  109  8:24  Probe  
  108  8:27  Assimilator  
  108  8:28  Assimilator  
  108  8:33  Sentry  
  108  8:34  Adept x2, Sentry x2  
  114  8:49  Zealot  
  114  8:56  Adept  
Show
View Real Time Build Order
Export as new Build Order

Pit Zerg 

Build Orders: Pool First 

Get SALT Encoding   

  12  0:18  Spawning Pool  
  11  0:22  Drone  
  11  0:26  Drone  
  13  0:36  Drone  
  14  0:57  Overlord  
  14  1:15  Zergling x4  
  14  1:16  Zergling x2  
  17  1:28  Hatchery  
  16  1:35  Drone  
  17  1:40  Drone  
  17  1:46  Queen  
  20  1:49  Extractor  
  20  1:50  Drone  
  20  2:00  Drone  
  20  2:27  Drone x2  
  22  2:34  Overlord  
  22  2:40  Queen  
  24  2:48  Drone  
  24  2:49  Drone  
  26  2:55  Drone  
  26  2:56  Drone  
  28  3:00  Drone  
  28  3:01  Drone x2  
  31  3:10  Drone x2  
  32  3:13  Spore Crawler  
  30  3:31  Drone x7  
  36  3:41  Hatchery  
  35  3:49  Extractor, Roach Warren, Lair  
  35  3:53  Extractor  
  35  3:54  Drone x2  
  34  3:57  Overlord  
  34  4:00  Drone  
  35  4:04  Spore Crawler  
  35  4:07  Spore Crawler  
  35  4:09  Drone  
  34  4:14  Drone  
  34  4:15  Drone  
  36  4:18  Drone  
  36  4:23  Drone x2  
  39  4:24  Drone  
  39  4:30  Overlord  
  40  4:39  Drone x2  
  40  4:42  Roach  
  44  4:48  Overlord x2  
  44  4:51  Roach  
  46  4:54  Roach  
  48  5:01  Roach x2  
  48  5:06  Roach  
  56  5:07  Roach  
  56  5:09  Roach  
  56  5:13  Roach  
  60  5:16  Roach  
  60  5:18  Roach  
  64  5:22  Roach  
  64  5:27  Overlord  
  66  5:32  Ravager x2  
  66  5:33  Ravager x2  
  68  5:36  Zergling x4  
  68  5:37  Zergling x4  
  68  5:40  Ravager  
  68  5:42  Zergling x2  
  74  5:44  Overlord  
  68  5:59  Roach x3  
  68  6:02  Roach x2  
  73  6:11  Roach x4  
  72  6:21  Zergling x10  
  67  6:30  Zergling x2  
  67  6:31  Zergling x4  
  63  6:39  Roach x2  
  60  6:42  Ravager x4  
  60  6:44  Zergling x6  
  67  6:50  Metabolic Boost  
  67  6:55  Roach x2  
  69  7:05  Roach x2  
  69  7:06  Roach  
  73  7:15  Roach  
  73  7:16  Roach x3  
  73  7:17  Zergling x4  
  81  7:25  Overlord  
  81  7:27  Zergling x6  
  84  7:36  Overlord  
  84  7:38  Ravager x2  
  84  7:39  Zergling x2  
  84  7:40  Zergling x4  
  88  7:52  Roach x4  
  92  8:25  Roach x7  
  105  8:41  Zergling x2  
Tags
 
Matchup
PvZ
Opening
Pool First
Spawn Locations
Cross Positions
Add a new tag
Caveats
  • Supply blocks, unpowered buildings, or Contaminate may cause inaccurate times.
  • Supply counts are checked every 10 seconds.